 Dungeon Crawl Stone Soup version 0.24.0-13-gcf9b319 (webtiles) character file.

Game seed: 18406878042095392626, levelgen mode: deterministic

188 Fortress the Digger (level 5, -4/28 HPs)
             Began as a Gargoyle Earth Elementalist on Jan 7, 2020.
             Killed from afar by an orc wizard (7 damage)
             ... with a puff of frost
             ... on level 3 of the Dungeon.
             The game lasted 00:09:46 (2929 turns).

Fortress the Digger (Gargoyle Earth Elementalist)   Turns: 2929, Time: 00:09:46

Health: -4/28      AC:  7    Str: 11    XL:     5   Next: 67%
Magic:  9/10       EV: 12    Int: 17    God:
Gold:   157        SH:  0    Dex: 10    Spells: 10/11 levels left

rFire    . . .     SeeInvis .   o - +3 quarterstaff (chaos)
rCold    . . .     Gourm    .   (shield currently unavailable)
rNeg     + . .     Faith    .   c - +0 robe
rPois    ∞         Spirit   .   (no helmet)
rElec    +         Reflect  .   p - +0 cloak
rCorr    .         Harm     .   (no gloves)
MR       .....                  (no boots)
Stlth    ++........             (no amulet)
HPRegen  0.09/turn              (no ring)
MPRegen  0.12/turn              (no ring)

@: no status effects
A: negative energy resistance 1, electricity resistance, unbreathing,
petrification resistance, rot immunity, AC +4
a: no special abilities


You were on level 3 of the Dungeon.
You were hungry.

You visited 1 branch of the dungeon, and saw 3 of its levels.

You collected 157 gold pieces.

Inventory:

Hand Weapons
 e - a +0 dagger
 o - a +3 quarterstaff of chaos (weapon)
Missiles
 b - 52 stones (quivered)
 l - 2 atropa-tipped darts
 x - 10 poisoned darts
Armour
 c - a +0 robe (worn)
 p - a +0 cloak (worn)
Scrolls
 a - 5 scrolls of identify
 f - 2 scrolls of remove curse
 h - 3 scrolls of teleportation {unknown}
 j - a scroll of random uselessness {unknown}
 m - a scroll of fear {unknown}
 q - a scroll of amnesia {unknown}
 r - a scroll of fog {unknown}
 t - a scroll of magic mapping {unknown}
 u - a scroll of blinking {unknown}
 v - a scroll of enchant armour {unknown}
Potions
 g - a potion of ambrosia
 i - 2 potions of agility {unknown}
 k - 2 potions of curing {unknown}
 n - a potion of lignification {unknown}
 s - a potion of degeneration {unknown}
 w - a potion of heal wounds {unknown}
Comestibles
 d - 7 rations


   Skills:
 - Level 2.0 Dodging
 - Level 3.0 Stealth
 + Level 3.7 Spellcasting
   Level 0.7 Transmutations
 + Level 5.3 Earth Magic


You had 10 spell levels left.
You knew the following spells:

 Your Spells              Type           Power        Failure   Level  Hunger
a - Sandblast             Erth           ###...       1%          1    None

Your spell library contained the following spells:

 Spells                   Type           Power        Failure   Level  Hunger
 Passwall                 Tmut/Erth      ##......     7%          2    ##.....
 Stone Arrow              Conj/Erth      ##....       16%         3    ###....
 Petrify                  Tmut/Erth      ##......     43%         4    ####...
 Lee's Rapid Deconstruct  Erth           ###.......   45%         5    ######.


Dungeon Overview and Level Annotations

Branches:
Dungeon (3/15)

Altars:
Ashenzari
Cheibriados

Annotations:
D:2 Sigmund


Innate Abilities, Weirdness & Mutations

You are resistant to torment.
Your stone body is resilient. (AC +4)
You are immune to poison.
You resist negative energy. (rN+)
You are resistant to electric shocks. (rElec)
You can survive without breathing.
You are immune to petrification.
You are immune to rotting.


Message History

The blast of sand hits the orc!!
You kill the orc!
b - 52 stones Something hits you but does no damage. x2
Casting: Sandblast (safe; 1% risk of failure)
Confirm with . or Enter, or press ? or * to list all spells.
You don't know that spell.
Casting: Sandblast (safe; 1% risk of failure)
Confirm with . or Enter, or press ? or * to list all spells.
You can't see any susceptible monsters within range! (Use Z to cast anyway.)
You miss something. Something hits you.
You hear some strange, mumbled words.
A puff of frost appears from out of thin air!
The puff of frost hits you!
* * * LOW HITPOINT WARNING * * *
You hit something. You freeze something.
You hear some strange, mumbled words.
A puff of frost appears from out of thin air!
The puff of frost hits you!
You die...

...## ....# ###.# #.#
#.### #...# ### # #.#.##
...#
###....###########....##
'...............@{.....[
####...###########.....#
# #..##### .#..#
#.##...# # # #.##...###
#.)......# #........#
##(......# ###...###


There were no monsters in sight!

Vanquished Creatures
  Crazy Yiuf (D:2)
  A worker ant (D:3)
  7 adders
  An ooze (D:2)
  A worm (D:2)
  2 leopard geckos (D:2)
  3 orcs (D:3)
  5 bats
  3 giant cockroaches (D:1)
  5 goblins
  6 hobgoblins
  2 jackals (D:2)
  3 quokkas
  A ball python (D:1)
  9 frilled lizards
  5 kobolds
  9 rats
64 creatures vanquished.

Notes
Turn   | Place    | Note
-------+----------+-------------------------------------------
     0 | D:1      | Fortress the Gargoyle Earth Elementalist began the quest
                  | for the Orb.
     0 | D:1      | Reached XP level 1. HP: 10/10 MP: 3/3
   111 | D:1      | Reached skill level 4 in Earth Magic
   111 | D:1      | Reached XP level 2. HP: 15/15 MP: 0/5
   409 | D:1      | Found a shattered altar of Ashenzari.
   889 | D:2      | Noticed Sigmund
   944 | D:2      | Reached XP level 3. HP: 11/19 MP: 2/6
  1393 | D:2      | Reached XP level 4. HP: 13/24 MP: 6/8
  1764 | D:2      | Found a snail-covered altar of Cheibriados.
  2295 | D:2      | Found a runed translucent door.
  2296 | D:2      | Noticed Crazy Yiuf
  2301 | D:2      | Killed Crazy Yiuf
  2301 | D:2      | Reached skill level 5 in Earth Magic
  2301 | D:2      | Reached XP level 5. HP: 28/28 MP: 6/9
  2929 | D:3      | Killed from afar by an orc wizard

Levels and vault maps discovered:
D:1:      nzn_arrival_crosshair, layout_loops_ring, hangedman_decor_riveting,
          chequers_serial_rivers_small_b, nicolae_ashenzari_panopticon
D:2:      minmay_evil_eye, layout_basic, first_ration, cheibriados_altar_1,
          uniq_sigmund, uniq_crazy_yiuf_cottage
D:3:      layout_loops_corners, minmay_stone_trees_small

Skill      XL: |  1  2  3  4  5 |
---------------+----------------+-----
Earth Magic    | 4 5 |  5.3
Dodging        | 2 |  2.0
Spellcasting   | 3 |  3.7
Stealth        | 3 |  3.0
Transmutations | |  0.7

Action                   |  1- 3 |  4- 6 || total
-------------------------+-------+-------++-------
Melee: Unarmed           |     8 |       ||     8
       Dagger            |    96 |    70 ||   166
       Mace              |     4 |       ||     4
       Quarterstaff      |       |    44 ||    44
 Cast: Sandblast         |    18 |    21 ||    39
  Use: Scroll            |     2 |       ||     2
 Stab: Sleeping          |     4 |     3 ||     7
  Eat: Chunk             |     2 |     4 ||     6
Armor: Robe              |    35 |    45 ||    80
Dodge: Dodged            |    57 |    70 ||   127
